 Dungeon Crawl Stone Soup version 0.31-a0-4-gefa6de2278 (webtiles) character file.

Game seed: 2836394562896644845

113 cheesebisquit the Purveyor of Pain (level 4, -6/36 HPs)
             Began as a Ghoul Necromancer on May 4, 2023.
             Was an Initiate of Kikubaaqudgha.
             Mangled by a wight
             ... wielding a +0 battleaxe
              (12 damage)
             ... on level 4 of the Dungeon.
             The game lasted 00:07:24 (3309 turns).

cheesebisquit the Purveyor of Pain (GhNe)           Turns: 3309, Time: 00:07:25

Health: -6/36      AC:  2    Str: 11    XL:     4   Next: 96%
Magic:  4/6        EV: 12    Int: 12    God:    Kikubaaqudgha [......]
Gold:   285        SH:  0    Dex:  9    Spells: 6/7 levels left

rFire   . .          .
                       - Unarmed
rCold   + . .        (no shield)
rNeg    + + +        a - +0 robe
rPois   ∞            (no helmet)
rElec   .            (no cloak)
rCorr   .            (no gloves)
SInv    .            (no boots)
Will    .....        (no amulet)
Stlth   ++           (no ring)
HPRegen 0.00/turn    (no ring)
MPRegen 0.10/turn

%: no passive effects
@: inhibited regen
A: claws 1, cold resistance 1, negative energy resistance 3, inhibited
regeneration, torment resistance 2, devour on kill
a: Renounce Religion


You were on level 4 of the Dungeon.
You worshipped Kikubaaqudgha.
Kikubaaqudgha was noncommittal.
You visited 1 branch of the dungeon, and saw 4 of its levels.

You collected 285 gold pieces.

Inventory:

Hand Weapons
 o - the +7 quarterstaff "Vuukluob" {heavy, rElec Dex+4}
   (You found it on level 3 of the Dungeon)

   Dex:       It affects your dexterity (+4).
   rElec:     It insulates you from electricity.
Missiles
 k - 2 poisoned darts
Armour
 a - a +0 robe (worn)
Scrolls
 b - a scroll of enchant weapon {unknown}
 d - 4 scrolls of identify {unknown}
 e - a scroll of torment {unknown}
 g - a scroll of amnesia {unknown}
 h - a scroll of blinking {unknown}
 l - a scroll of noise {unknown}
 m - 2 scrolls of vulnerability {unknown}
 n - a scroll of magic mapping {unknown}
 p - a scroll of teleportation {unknown}
Potions
 c - 3 potions of curing
 f - 3 potions of might {unknown}
 i - 2 potions of haste {unknown}
 j - a potion of heal wounds {unknown}


   Skills:
 + Level 1.8 Fighting
 + Level 2.4 Dodging
 + Level 3.1 Stealth
 + Level 1.6 Unarmed Combat
 + Level 2.2 Spellcasting
 + Level 4.4 Necromancy


You had 6 spell levels left.
You knew the following spells:

 Your Spells              Type           Power      Damage    Failure   Level
a - Necrotise             Necr           44%        1d6       4%          1

Your spell library contained the following spells:

 Spells                   Type           Power      Damage    Failure   Level
 Vampiric Draining        Necr           11%        2d6       13%         3
 Animate Dead             Necr           11%        N/A       41%         4
 Tukima's Dance           Hex            1%         N/A       63%         3
 Agony                    Necr           11%        N/A       77%         5
 Passage of Golubria      Tloc           1%         N/A       95%         4
 Yara's Violent Unravell  Hex/Tmut       0%         3d3       100%        5


Dungeon Overview and Level Annotations

Branches:
Dungeon (4/15)
 Temple: D:4-7

Altars:
Dithmenos
Kikubaaqudgha
Makhleb
Sif Muna


Innate Abilities, Weirdness & Mutations

You are immune to poison.
You have sharp fingernails.
Your flesh is cold resistant. (rC+)
You are immune to negative energy. (rN+++)
You do not regenerate when monsters are visible.
You are immune to unholy pain and torment.
You thrive by killing the living.


Message History

Things that are here:
a +0 dagger; a quokka corpse
There is a stone staircase leading up here.
You see here a +0 leather armour.
Found an escape hatch in the floor.
There is an escape hatch in the floor here.
There is an escape hatch in the floor here.
You see here the +7 quarterstaff "Vuukluob" {heavy, rElec Dex+4}.
o - the +7 quarterstaff "Vuukluob" {heavy, rElec Dex+4}
Things that are here:
a +0 short sword; 4 stones
Things that are here:
a +0 dagger; a quokka skeleton Done exploring.
Done exploring.
There is a stone staircase leading down here.
You climb downwards.
Found a scroll labelled KOFADIEMUA.
There is a stone staircase leading up here.
p - a scroll labelled KOFADIEMUA A goblin, 2 wights and an endoplasm come into view.
You can't see any susceptible monsters within range! (Use Z to cast anyway.)
A goblin and 2 wights come into view.
A wight is wielding a +0 battleaxe and wearing a +2 robe of cold resistance.
A wight is wielding a +0 hand axe of venom.
The goblin shouts!
The goblin barely resists.
The endoplasm quivers.
The wight is unaffected.
The wight hits you with a +0 battleaxe!
A hound comes into view.
The endoplasm attacks as you move away! The endoplasm barely misses you.
The endoplasm writhes in agony.
You kill the endoplasm!
Kikubaaqudgha accepts your kill.
You can't see any susceptible monsters within range! (Use Z to cast anyway.)
The wight attacks as you move away! The wight hits you with a +0 battleaxe!
* * * LOW HITPOINT WARNING * * *
There is a stone staircase leading up here.
The wight hits you with a +0 battleaxe!
You die...
Kikubaaqudgha rasps: "You have failed me!
Welcome... oblivion!"

#.###z#..
...z...z#
#z# #.#
#z####
#....#
#.hg.#
##.z.#
#.@.#
#...#
#...#
#####


You could see a hound, 4 wights and a goblin.

Vanquished Creatures
  An orc priest (D:3)
  2 adders (D:3)
  3 dart slugs (D:1)
  2 orcs (D:3)
  3 ball pythons
  5 endoplasms
  4 giant cockroaches
  5 goblins
  6 hobgoblins
  4 jackals (D:3)
  2 quokkas
  3 bats
  A frilled lizard (D:1)
  6 kobolds
  2 rats (D:1)
49 creatures vanquished.

Vanquished Creatures (collateral kills)
  A dart slug (D:1)
  A ball python (D:1)
  A frilled lizard (D:2)
3 creatures vanquished.

Grand Total: 52 creatures vanquished

Notes
Turn   | Place    | Note
-------+----------+-------------------------------------------
     0 | D:1      | cheesebisquit the Ghoul Necromancer began the quest for the
                  | Orb.
     0 | D:1      | Reached XP level 1. HP: 14/14 MP: 2/2
   185 | D:1      | Reached XP level 2. HP: 22/22 MP: 0/3
   701 | D:1      | Reached skill level 1 in Unarmed Combat
   701 | D:1      | Reached XP level 3. HP: 21/27 MP: 0/5
   784 | D:1      | Reached skill level 1 in Fighting
  1396 | D:2      | Found an ancient bone altar of Kikubaaqudgha.
  1405 | D:2      | Became a worshipper of Kikubaaqudgha
  2060 | D:3      | Reached XP level 4. HP: 35/35 MP: 0/6
  2567 | D:3      | Found a faded altar of an unknown god.
  2840 | D:3      | Found a burning altar of Makhleb.
  2840 | D:3      | Found a shimmering blue altar of Sif Muna.
  2840 | D:3      | Found a shadowy altar of Dithmenos.
  2847 | D:3      | Found an ancient bone altar of Kikubaaqudgha.
  3187 | D:3      | Identified the +7 quarterstaff "Vuukluob" {heavy, rElec
                  | Dex+4}
  3309 | D:4      | Mangled by a wight

Illustrated notes

Levels and vault maps discovered:
D:1:      nzn_arrival_depleted_hourglass, layout_rooms, grunt_decor_resistance
D:2:      layout_basic, basic_altar
D:3:      minmay_angry_zag, layout_loops_ring, minmay_overflow_temple_hex,
          hellmonk_ecumenical_altar_blasted, minmay_puff
D:4:      layout_basic

Skill      XL: |  1  2  3  4 |
---------------+-------------+-----
Dodging        | 2 |  2.4
Spellcasting   | 2 |  2.2
Unarmed Combat | 1 |  1.6
Fighting       | 1 |  1.8
Stealth        | 3 |  3.1
Necromancy     | |  4.4

Action                     |  1- 3 |  4- 6 || total
---------------------------+-------+-------++-------
  Melee: Unarmed           |    40 |    36 ||    76
         Punch             |       |     1 ||     1
   Cast: Necrotise         |    58 |    37 ||    95
    Use: Potion            |     1 |     1 ||     2
 Armour: Robe              |    11 |     9 ||    20
  Dodge: Dodged            |    33 |    43 ||    76

Table legend: (Time is in decaauts)
 A = Elapsed time spent in this place.
 B = Non-inter-level travel time spent in this place.
 C = Inter-level travel time spent in this place.
 D = Time resting spent in this place.
 E = Time spent auto-exploring this place.
 F = Levels seen in this place.
 G = Mean time per level.
                   A        B        C        D        E       F      G
               +--------+--------+--------+--------+--------+-----+--------+
         Total |   3307 |   3145 |    162 |      0 |   2745 |   4 |  826.8 |
       Dungeon |   3307 |   3145 |    162 |      0 |   2745 |   4 |  826.8 |
               +--------+--------+--------+--------+--------+-----+--------+

Top non-repeatable levels by time:
     D:3: 1232 daAuts
     D:1: 1069 daAuts
     D:2: 979 daAuts
     D:4: 25 daAuts
